 Dungeon Crawl Stone Soup version 0.28-b1-25-g9875b3fc8c (webtiles) character file.

Game seed: 5900248910509370325

363 mopl the Cudgeller (level 6, -1/47 HPs)
             Began as a Palentonga Gladiator on Feb 7, 2022.
             Slain by a water moccasin (5 damage)
             ... on level 4 of the Dungeon.
             The game lasted 00:03:01 (3221 turns).

mopl the Cudgeller (Palentonga Gladiator)           Turns: 3221, Time: 00:03:02

Health: -1/47      AC:  6    Str: 20    XL:     6   Next: 39%
Magic:  6/6        EV:  9    Int:  8    God:
Gold:   113        SH:  0    Dex: 11    Spells: 5/5 levels left

rFire   . . .      SeeInvis +   a - +0 flail
rCold   . . .      Faith    .   (no shield)
rNeg    . . .      Spirit   .   m - +0 ring mail
rPois   .          Reflect  .   c - +0 helmet
rElec   .          Harm     .   (no cloak)
rCorr   .          Rampage  .   (no gloves)
Will    .....                   (no barding)
Stlth   +.........              (no amulet)
HPRegen 0.15/turn               (no ring)
MPRegen 0.10/turn               (no ring)

@: mighty
A: large, rugged brown scales 3, see invisible, deformed body, roll 1, armoured
tail
a: Rolling Charge


You were on level 4 of the Dungeon.
You visited 1 branch of the dungeon, and saw 4 of its levels.

You collected 113 gold pieces.

Inventory:

Hand Weapons
 a - a +0 flail (weapon)
Missiles
 b - 9 javelins
 d - 3 throwing nets
 j - 5 poisoned darts (quivered)
Armour
 c - a +0 helmet (worn)
 m - a +0 ring mail (worn)
Jewellery
 h - an amulet of regeneration
Scrolls
 e - a scroll of noise {unknown}
 f - a scroll of magic mapping {unknown}
 k - a scroll of teleportation {unknown}
 o - a scroll of identify {unknown}
Potions
 i - a potion of flight {unknown}
 l - a potion of haste {unknown}


   Skills:
 - Level 2.0 Fighting
 + Level 7.3 Maces & Flails
 - Level 1.3 Throwing
 - Level 2.4 Dodging


You had 5 spell levels left.
You didn't know any spells.
Your spell library contained the following spells:

 Spells                   Type           Power      Damage    Failure   Level
 Apportation              Tloc           0%         N/A       58%         1
 Foxfire                  Conj/Fire      0%         2x1d4     58%         1
 Sublimation of Blood     Necr           0%         N/A       75%         2
 Call Canine Familiar     Summ           0%         N/A       92%         3
 Conjure Flame            Conj/Fire      0%         6-21      92%         3
 Inner Flame              Hex/Fire       0%         N/A       92%         3
 Flame Wave               Conj/Fire      0%         2d4       100%        4
 Summon Ice Beast         Ice/Summ       0%         N/A       100%        4
 Alistair's Intoxication  Tmut/Pois      0%         N/A       100%        5
 Infestation              Necr           0%         N/A       100%        8


Dungeon Overview and Level Annotations

Branches:
Dungeon (4/15)
 Temple: D:4-7

Altars:


Innate Abilities, Weirdness & Mutations

You are completely covered in rugged brown scales. (AC +3, +7% HP)
You have supernaturally acute eyesight. (SInv)
Armour fits poorly on your strangely shaped body.
You can roll at nearby foes to attack.
You have a long armoured tail.


Message History

* * * LOW HITPOINT WARNING * * *
You sock the water moccasin!
The water moccasin is heavily wounded.
* * * LOW HITPOINT WARNING * * *
You feel sick.
The water moccasin closely misses you. x2
You barely miss the water moccasin.
The water moccasin is heavily wounded.
* * * LOW HITPOINT WARNING * * *
You feel sick.
The water moccasin bites you but does no damage.
You barely miss the water moccasin.
The water moccasin is heavily wounded.
You feel sick. The water moccasin bites you.
* * * LOW HITPOINT WARNING * * *
It was a potion of curing.
You feel better. The water moccasin bites you.
* * * LOW HITPOINT WARNING * * *
You are lethally poisoned!
The water moccasin poisons you!
The water moccasin bites you but does no damage.
It was a potion of might.
You feel very mighty all of a sudden.
* * * LOW HITPOINT WARNING * * *
You feel very sick.
The water moccasin bites you but does no damage.
You barely miss the water moccasin.
The water moccasin is moderately wounded.
* * * LOW HITPOINT WARNING * * *
You feel sick. The water moccasin bites you.
* * * LOW HITPOINT WARNING * * *
The water moccasin bites you.
* * * LOW HITPOINT WARNING * * *
You feel better. The water moccasin bites you.
* * * LOW HITPOINT WARNING * * *
You closely miss the water moccasin.
The water moccasin is moderately wounded.
The water moccasin barely misses you.
You hit the water moccasin.
The water moccasin is heavily wounded.
The water moccasin barely misses you. The water moccasin bites you.
You die...

...# #... #. #.# ...#
#...##.##.# ...#
#.........####...
................
..........##...####..
..............S.......
..........###.@.##
.................#
.........#####.......
#.......# ?......
#.......#####.......
#...........#....###
#...........#....#
######.#....##.###
###.#....# .#


You could see a water moccasin.

Vanquished Creatures
  Sigmund (D:2)
  An ice beast (D:3)
  6 adders (D:2)
  A worm (D:2)
  2 dart slugs (D:2)
  5 bats
  6 endoplasms
  3 giant cockroaches
  5 goblins
  2 hobgoblins
  2 jackals (D:1)
  4 kobolds
  3 quokkas
  5 ball pythons
  5 frilled lizards
  6 rats
57 creatures vanquished.

Vanquished Creatures (others)
  A plant (D:1)
1 creature vanquished.

Grand Total: 58 creatures vanquished

Notes
Turn   | Place    | Note
-------+----------+-------------------------------------------
     0 | D:1      | mopl the Palentonga Gladiator began the quest for the Orb.
     0 | D:1      | Reached XP level 1. HP: 17/17 MP: 1/1
   131 | D:1      | Reached XP level 2. HP: 23/23 MP: 2/2
   313 | D:1      | Got the Grimoire of Black Magic and Calling
   680 | D:2      | Reached skill level 4 in Maces & Flails
   680 | D:2      | Reached XP level 3. HP: 16/28 MP: 3/3
   934 | D:2      | Noticed Sigmund
   960 | D:2      | Killed Sigmund
   961 | D:2      | Reached skill level 6 in Maces & Flails
   961 | D:2      | Reached XP level 4. HP: 10/35 MP: 4/4
   961 | D:2      | Reached XP level 5. HP: 11/40 MP: 5/5
   972 | D:2      | HP: 2/40 [poisoned by an adder]
  1349 | D:2      | HP: 2/40 [poisoned by an adder]
  2329 | D:3      | Noticed an ice beast
  2349 | D:3      | Killed an ice beast
  2350 | D:3      | Reached skill level 7 in Maces & Flails
  2350 | D:3      | Reached XP level 6. HP: 10/47 MP: 6/6
  2829 | D:3      | Found a faded altar of an unknown god.
  3205 | D:4      | Noticed a water moccasin
  3218 | D:4      | HP: 2/47 [water moccasin (5)]
  3221 | D:4      | Slain by a water moccasin

Illustrated notes

Levels and vault maps discovered:
D:1:      dpeg_arrival_rooms_c, layout_basic, minmay_misc_feat_columns,
          serial_bayou_lake_a
D:2:      layout_basic, uniq_sigmund
D:3:      layout_loops_cross, hellmonk_ecumenical_altar_arch_garden
D:4:      layout_basic, old_standard_altar, uniq_crazy_yiuf_cottage

Skill      XL: |  1  2  3  4  5 |
---------------+----------------+-----
Maces & Flails | 4 6 7 |  7.3
Fighting       | |  2.0
Throwing       | |  1.3
Dodging        | |  2.4

Action                   |  1- 3 |  4- 6 || total
-------------------------+-------+-------++-------
Melee: Flail             |    62 |   119 ||   181
       Tailslap          |     4 |    10 ||    14
Throw: Dart              |     5 |     1 ||     6
       Throwing net      |       |     1 ||     1
 Abil: Rolling Charge    |       |     3 ||     3
  Use: Potion            |       |     3 ||     3
Armor: Leather armour    |    30 |     7 ||    37
       Ring mail         |       |    29 ||    29
Dodge: Dodged            |    44 |    56 ||   100
